 Dungeon Crawl Stone Soup version 0.29-a0-824-gd827844252 (webtiles) character file.

Game seed: 5246527388403996909

226 kevlar127 the Ruffian (level 5, -2/54 HPs)
             Began as a Troll Berserker on July 11, 2022.
             Was a Believer of Trog.
             Killed from afar by an orc wizard (12 damage)
             ... with a puff of flame
             ... on level 3 of the Dungeon.
             The game lasted 00:02:44 (1598 turns).

kevlar127 the Ruffian (Troll Berserker)             Turns: 1598, Time: 00:02:45

Health: -2/54      AC:  4    Str: 27    XL:     5   Next: 69%
Magic:  4/4        EV: 10    Int:  3    God:    Trog [**....]
Gold:   69         SH:  0    Dex:  9    Spells: 4/4 levels left

rFire   . . .      SeeInvis .     - Unarmed
rCold   + . .      Faith    .   (no shield)
rNeg    . . .      Spirit   .   a - +0 animal skin
rPois   .          Reflect  .   (helmet restricted)
rElec   .          Harm     .   (no cloak)
rCorr   .          Rampage  .   (gloves unavailable)
Will    .....                   (boots unavailable)
Stlth   +.........              (no amulet)
HPRegen 0.98/turn               f - +4 ring of slaying
MPRegen 0.09/turn               l - ring of protection from cold

@: no status effects
A: large, unfitting armour, claws 3, regeneration 1, shaggy fur 1, tough skin 1
a: Renounce Religion, Berserk, Trog's Hand


You were on level 3 of the Dungeon.
You worshipped Trog.
Trog was pleased with you.
You visited 1 branch of the dungeon, and saw 3 of its levels.

You collected 69 gold pieces.

Inventory:

Missiles
 e - 29 stones (quivered)
Armour
 a - a +0 animal skin (worn)
Jewellery
 f - a +4 ring of slaying (left claw)
 l - a ring of protection from cold (right claw)
Scrolls
 d - 3 scrolls of identify {unknown}
 i - a scroll of magic mapping {unknown}
 m - a scroll of fear {unknown}
 n - a scroll of blinking {unknown}
 o - a scroll of vulnerability {unknown}
 p - a scroll of noise {unknown}
Potions
 b - a potion of resistance {unknown}
 c - a potion of mutation {unknown}
 g - a potion of brilliance {unknown}
 h - a potion of haste {unknown}
 j - a potion of degeneration {unknown}
 k - 2 potions of flight {unknown}


   Skills:
 + Level 4.1 Fighting
 - Level 2.4 Dodging
 + Level 5.0 Unarmed Combat


You had 4 spell levels left.
You didn't know any spells.
Your spell library was empty.

Dungeon Overview and Level Annotations

Branches:
Dungeon (3/15)

Altars:


Innate Abilities, Weirdness & Mutations

You are too large for most types of armour.
You have claws for hands.
Your natural rate of healing is unusually fast.
You are covered in fur. (AC +1)
You have tough skin. (AC +1)


Message History

The orc priest attacks as you move away!
The orc priest hits you but does no damage.
The orc hits you with a +0 club.
You are too confused!
Unknown command.
Something hits you but does no damage.
You closely miss the orc priest. You claw the orc!
You kill the orc!
Trog accepts your kill.
The orc priest invokes the aid of Beogh against you.
You barely resist. Something hits you. Something hits you but does no damage.
The orc priest looks satisfied for a moment.
You're too confused to move!
The orc priest calls down the wrath of Beogh upon you.
Beogh smites you! Something hits you. The orc hits you with a +0 mace.
You mangle the orc!!
You kill the orc!
Trog accepts your kill.
You hear some strange, mumbled words.
A magic dart appears from out of thin air!
The magic dart hits you.
You barely miss the orc.
You feel less confused. The orc barely misses you.
The orc priest hits you with a +3 dagger.
You hear some strange, mumbled words.
A magic dart appears from out of thin air!
The magic dart hits you!
* * * LOW HITPOINT WARNING * * *
You mangle the orc!!
You kill the orc!
Trog accepts your kill.
The orc priest hits you with a +3 dagger.
* * * LOW HITPOINT WARNING * * *
You hear some strange, mumbled words.
A puff of flame appears from out of thin air!
The puff of flame hits you!
You die...

......##### ..
#.........#
....####.........#
......)<.........#
###.###.....!....#
#...........
#...).......
#####.o){.!.....
.......@........
.###............
#############


You could see an orc priest.

Vanquished Creatures
  Sigmund (D:2)
  3 adders (D:2)
  A dart slug (D:2)
  3 orcs (D:3)
  A ball python (D:2)
  4 bats (D:1)
  5 endoplasms
  A giant cockroach (D:1)
  6 goblins
  4 hobgoblins
  3 frilled lizards
  2 kobolds (D:1)
  2 rats
36 creatures vanquished.

Notes
Turn   | Place    | Note
-------+----------+-------------------------------------------
     0 | D:1      | kevlar127 the Troll Berserker began the quest for the Orb.
     0 | D:1      | Reached XP level 1. HP: 22/22 MP: 0/0
   283 | D:1      | Reached XP level 2. HP: 21/29 MP: 1/1
   756 | D:2      | Reached XP level 3. HP: 37/37 MP: 2/2
  1056 | D:2      | Reached ** piety under Trog
  1402 | D:2      | Noticed Sigmund
  1407 | D:2      | Reached skill level 4 in Unarmed Combat
  1417 | D:2      | Killed Sigmund
  1418 | D:2      | Reached skill level 5 in Unarmed Combat
  1418 | D:2      | Reached XP level 4. HP: 48/48 MP: 3/3
  1418 | D:2      | Reached XP level 5. HP: 54/54 MP: 4/4
  1598 | D:3      | Killed from afar by an orc wizard

Illustrated notes

Levels and vault maps discovered:
D:1:      moated_graveyard_arrival, layout_basic
D:2:      layout_basic, grunt_ministairs_9, uniq_sigmund
D:3:      layout_loops_ring, nzn_wu_jian_contemplation,
          lemuel_coloured_pillars_altar, serial_shops,
          nicolae_shop_window_shopping, ebering_dispersal_statue_hall,
          st_stairs_4, kennysheep_another_room, uniq_jessica

Skill      XL: |  1  2  3 |
---------------+----------+-----
Fighting       | 3 4 |  4.1
Unarmed Combat | 5 |  5.0
Dodging        | |  2.4

Action                   |  1- 3 |  4- 6 || total
-------------------------+-------+-------++-------
Melee: Unarmed           |    78 |    17 ||    95
       Punch             |     1 |       ||     1
 Stab: Sleeping          |     1 |       ||     1
Armor: Animal skin       |    29 |    11 ||    40
Dodge: Dodged            |    31 |    10 ||    41

Table legend: (Time is in decaauts)
 A = Elapsed time spent in this place.
 B = Non-inter-level travel time spent in this place.
 C = Inter-level travel time spent in this place.
 D = Time resting spent in this place.
 E = Time spent auto-exploring this place.
 F = Levels seen in this place.
 G = Mean time per level.
                   A        B        C        D        E       F      G
               +--------+--------+--------+--------+--------+-----+--------+
         Total |   1589 |   1552 |     37 |      0 |   1310 |   3 |  529.7 |
       Dungeon |   1589 |   1552 |     37 |      0 |   1310 |   3 |  529.7 |
               +--------+--------+--------+--------+--------+-----+--------+

Top non-repeatable levels by time:
     D:2: 884 daAuts
     D:1: 682 daAuts
     D:3: 22 daAuts
